Map: Emerald City LE

Players

eclipser - Winner!

  • Race: Protoss Protoss
  • League: Platinum
  • Spawn Location: 11:00

Bobfatty - Winner!

  • Race: Zerg Zerg
  • League: Diamond
  • Spawn Location: 11:00

Templar

  • Race: Protoss Protoss
  • Spawn Location: 5:00

Vivax

  • Race: Protoss Protoss
  • Spawn Location: 5:00

VOD

Have the link to the VOD?

Description

Thank you!

Time

  • Played on: Jan. 31, 2020, 10:55 p.m.
  • Length: 23:15
Show
View Real Time Build Order
Export as new Build Order

eclipser Protoss - Winner!

Build Orders:  

Get SALT Encoding   

  12  0:01  Probe  
  13  0:13  Probe  
  14  0:17  Pylon  
  14  0:25  Probe (Chrono Boost)  
  15  0:37  Probe (Chrono Boost)  
  15  0:41  Gateway  
  16  0:45  Probe (Chrono Boost)  
  17  0:50  Assimilator  
  17  0:52  Probe  
  18  1:07  Probe  
  19  1:12  Pylon  
  19  1:19  Probe  
  20  1:31  Cybernetics Core  
  20  1:33  Zealot (Chrono Boost)  
  22  2:00  Probe  
  23  2:09  Warp Gate (Chrono Boost)  
  23  2:14  Stalker  
  25  2:16  Probe  
  25  2:18  Nexus  
  25  2:20  Assimilator  
  26  2:29  Probe  
  27  2:40  Assimilator  
  27  2:42  Probe  
  28  2:44  Gateway x2  
  28  2:52  Pylon  
  28  2:55  Probe  
  29  3:07  Probe  
  30  3:17  Stalker  
  30  3:19  Probe  
  33  3:31  Stalker x2  
  33  3:33  Probe (Chrono Boost)  
  39  3:39  Probe (Chrono Boost)  
  39  3:45  Probe (Chrono Boost)  
  39  3:46  Probe (Chrono Boost)  
  41  3:56  Probe  
  41  3:57  Probe  
  41  4:00  Stalker  
  45  4:08  Probe  
  45  4:09  Probe  
  47  4:14  Stalker  
  47  4:15  Stalker  
  51  4:20  Probe  
  51  4:21  Probe  
  53  4:25  Pylon  
  53  4:32  Probe  
  54  4:43  Probe  
  55  4:49  Pylon  
  55  4:50  Pylon  
  55  4:52  Pylon  
  55  4:54  Forge  
  55  4:56  Robotics Facility  
  55  5:14  Probe  
  56  5:18  Protoss Ground Weapons Level 1 (Chrono Boost)  
  56  5:21  Twilight Council  
  56  5:24  Probe  
  56  5:26  Pylon, Probe  
  58  5:36  Photon Cannon  
  58  5:37  Photon Cannon, Probe  
  58  5:38  Probe  
  58  5:41  Immortal (Chrono Boost)  
  60  5:49  Probe  
  65  5:50  Probe  
  66  5:58  Blink (Chrono Boost)  
  66  6:08  Nexus  
  66  6:10  Assimilator, Immortal (Chrono Boost)  
  66  6:12  Assimilator  
  66  6:14  Assimilator  
  66  6:17  Pylon  
  70  6:25  Dark Shrine  
  70  6:29  Pylon  
  70  6:30  Probe x2  
  70  6:31  Photon Cannon  
  70  6:32  Pylon  
  72  6:42  Probe x2  
  72  6:46  Immortal (Chrono Boost)  
  78  6:54  Probe  
  78  6:59  Forge  
  78  7:01  Probe  
  80  7:02  Photon Cannon  
  80  7:05  Photon Cannon  
  80  7:06  Probe  
  81  7:17  Stargate  
  81  7:19  Stargate  
  81  7:21  Probe x3  
  84  7:29  Stalker x2  
  88  7:42  Probe x2  
  90  7:45  Pylon  
  80  8:08  Stalker x3  
  84  8:23  Fleet Beacon  
  83  8:39  Stalker x3  
  89  8:42  Protoss Air Weapons Level 1 (Chrono Boost)  
  89  8:45  Pylon  
  89  8:47  Pylon  
  89  9:03  Tempest x2 (Chrono Boost)  
  99  9:31  Stalker x3  
  105  9:33  Nexus  
  105  9:36  Tempest x2 (Chrono Boost)  
  105  9:37  Assimilator  
  115  9:42  Assimilator  
  115  9:45  Pylon  
  115  9:54  Dark Templar x3  
  121  10:15  Tempest x2 (Chrono Boost)  
  131  10:37  Zealot x2  
  131  10:38  Zealot  
  137  10:48  Tempest x2 (Chrono Boost)  
  137  10:49  Probe x2  
  149  11:02  Probe x3  
  152  11:25  Stalker x2  
  156  11:32  Pylon  
  156  11:36  Pylon x2  
  156  11:57  Tempest x2  
  166  12:08  Probe x2  
  166  12:09  Probe  
  169  12:20  Probe  
  170  12:36  Stargate  
  170  12:38  Stargate  
  170  12:44  Pylon  
  170  12:45  Protoss Air Weapons Level 2 (Chrono Boost), Pylon  
  170  12:57  Nexus  
  170  13:00  Assimilator  
  170  13:02  Assimilator  
  170  13:05  Pylon  
  170  13:07  Tempest x2  
  170  13:08  Pylon  
  174  13:47  Probe x3  
  177  13:50  Tempest x2  
  165  14:48  Tempest x3  
  180  15:10  Gateway  
  180  15:12  Gateway  
  180  15:14  Gateway  
  180  15:15  Photon Cannon  
  180  15:16  Gateway  
  180  15:19  Gateway  
  181  15:28  Probe x3  
  181  15:29  Cybernetics Core  
  183  15:36  Protoss Ground Weapons Level 2 (Chrono Boost)  
  183  15:37  Protoss Shields Level 1 (Chrono Boost)  
  183  15:38  Protoss Air Weapons Level 3 (Chrono Boost)  
  183  15:39  Mothership (Chrono Boost)  
  183  15:41  Nexus  
  191  15:43  Assimilator  
  191  15:47  Assimilator  
  191  15:49  Pylon  
  191  15:53  Pylon  
  191  16:15  Protoss Air Armor Level 1 (Chrono Boost)  
  182  17:15  Tempest x4  
  160  17:58  Tempest x4  
  180  18:07  Stalker x7  
  180  18:08  Stalker  
  196  18:30  Stalker  
  196  18:31  Stalker  
  178  19:20  Tempest x3  
  186  19:30  Tempest  
  191  20:05  Protoss Air Armor Level 2  
  187  20:33  Gateway  
  187  20:35  Gateway  
  187  20:36  Gateway, Protoss Shields Level 2 (Chrono Boost)  
  187  20:38  Gateway  
  187  20:43  Gateway  
  187  20:44  Gateway  
  187  20:46  Gateway  
  162  21:15  Tempest x4  
  132  21:42  Stalker x3  
  132  21:43  Stalker x5  
  132  21:44  Stalker x2  
  132  21:45  Stalker x5  
  162  21:55  Pylon  
  162  21:58  Pylon, Tempest x4  
  170  22:30  Stalker x3  
  170  22:31  Stalker x6  
  170  22:32  Stalker x3  
  170  22:33  Stalker x3  
Show
View Real Time Build Order
Export as new Build Order

Bobfatty Zerg - Winner!

Build Orders: Hatch First, Lurkers 

Get SALT Encoding   

  12  0:01  Drone  
  13  0:16  Overlord  
  13  0:19  Drone  
  14  0:34  Drone x2  
  16  0:38  Drone  
  17  0:56  Drone  
  18  0:57  Hatchery  
  18  1:00  Drone  
  18  1:10  Extractor  
  17  1:15  Spawning Pool  
  17  1:18  Drone  
  17  1:24  Drone  
  18  1:31  Drone  
  19  1:42  Overlord  
  19  1:57  Drone  
  20  2:02  Queen  
  22  2:10  Queen  
  22  2:11  Metabolic Boost  
  22  2:13  Zergling x4  
  22  2:15  Drone  
  27  2:20  Drone  
  28  2:25  Drone  
  29  2:31  Drone  
  30  2:38  Drone  
  31  2:45  Overlord, Queen  
  31  2:47  Queen  
  31  2:49  Drone  
  36  3:06  Hatchery  
  35  3:16  Zergling x6  
  35  3:17  Drone  
  35  3:18  Drone x2  
  41  3:26  Drone, Queen  
  44  3:28  Overlord  
  44  3:39  Overlord  
  44  3:40  Overlord  
  44  3:51  Drone x2  
  44  3:52  Drone  
  47  4:01  Drone x6  
  47  4:02  Drone x2  
  55  4:04  Spore Crawler  
  55  4:05  Spore Crawler  
  53  4:15  Drone x2  
  55  4:18  Queen  
  55  4:19  Drone  
  55  4:22  Drone  
  58  4:26  Zergling x8  
  62  4:32  Extractor, Lair  
  62  4:34  Extractor  
  62  4:35  Extractor  
  62  4:36  Drone  
  62  4:37  Drone  
  61  4:38  Zergling x2  
  61  4:39  Evolution Chamber  
  61  4:41  Overlord  
  62  5:00  Drone x3  
  62  5:01  Drone x2  
  66  5:08  Zerg Missile Weapons Level 1  
  66  5:10  Drone  
  66  5:11  Drone x5  
  72  5:28  Zergling x4  
  74  5:31  Overlord  
  74  5:32  Overlord x2  
  74  5:35  Hydralisk Den  
  73  5:44  Overlord x4  
  73  5:49  Hatchery, Queen  
  72  5:54  Drone x2  
  72  5:55  Drone  
  77  6:07  Zergling x8  
  77  6:11  Overseer  
  81  6:13  Grooved Spines  
  81  6:14  Hydralisk  
  81  6:15  Hydralisk x3  
  89  6:18  Lurker Den  
  88  6:39  Drone x10  
  98  6:41  Spore Crawler  
  98  6:43  Spore Crawler  
  95  6:51  Hydralisk x5  
  105  6:57  Extractor, Overlord  
  105  6:59  Extractor  
  105  7:00  Burrow  
  103  7:03  Zerg Missile Weapons Level 2  
  103  7:04  Evolution Chamber  
  103  7:08  Infestation Pit  
  101  7:14  Hydralisk x2  
  101  7:15  Baneling Nest  
  102  7:24  Muscular Augments  
  101  7:51  Hydralisk x5  
  101  7:52  Overlord  
  101  7:53  Overlord x2  
  111  8:12  Hatchery  
  110  8:13  Zerg Ground Armor Level 1  
  110  8:16  Hive  
  110  8:18  Drone x3  
  110  8:19  Drone x5  
  118  8:40  Overseer  
  118  8:43  Hydralisk x8  
  134  9:15  Extractor  
  134  9:16  Extractor  
  132  9:29  Lurker x2  
  132  9:30  Lurker x4  
  138  9:33  Drone x3  
  138  9:34  Drone  
  142  9:45  Overlord  
  142  9:46  Overlord x2  
  141  9:57  Pneumatized Carapace  
  141  9:58  Zerg Missile Weapons Level 3  
  141  9:59  Seismic Spines  
  141  10:09  Hydralisk x3  
  141  10:10  Hydralisk x5  
  157  10:22  Overlord x2  
  157  10:23  Overlord  
  157  10:24  Zerg Ground Armor Level 2  
  157  10:32  Overlord  
  157  10:33  Overlord x6  
  157  10:38  Hatchery, Queen  
  157  10:40  Overlord x2  
  157  10:41  Hatchery  
  157  10:44  Hydralisk x7  
  157  10:46  Overlord  
  157  10:47  Overlord x3  
  171  10:52  Drone  
  171  10:53  Drone x4  
  171  10:56  Drone x2  
  178  10:57  Drone  
  179  11:05  Centrifical Hooks  
  179  11:09  Adaptive Talons  
  179  11:11  Adrenal Glands  
  179  11:22  Viper  
  182  11:32  Viper  
  182  11:38  Extractor  
  184  11:41  Extractor  
  180  11:58  Viper x3  
  180  12:05  Hydralisk x6  
  192  12:38  Hydralisk x4  
  170  14:38  Hydralisk x17  
  144  14:39  Hydralisk x9  
  184  14:46  Viper x4  
  196  15:04  Zerg Ground Armor Level 3, Spire  
  195  15:35  Lurker x3  
  198  15:36  Lurker x2  
  200  15:56  Overseer  
  200  15:57  Overseer  
  199  16:22  Overseer  
  199  16:25  Zerg Flyer Weapons Level 1  
  184  16:50  Viper  
  184  16:51  Viper x2  
  181  17:13  Corruptor x10  
  181  17:14  Corruptor x3  
  199  18:19  Zerg Flyer Weapons Level 2  
  199  18:25  Hatchery  
  198  18:28  Extractor  
  197  18:41  Overseer x3  
  171  19:17  Hydralisk x13  
  197  19:27  Corruptor x2  
  199  20:02  Extractor  
  198  20:20  Spore Crawler  
  197  20:22  Spore Crawler x3  
  197  20:23  Spore Crawler  
  190  20:40  Viper x3  
  199  21:09  Spore Crawler x2  
  199  21:11  Spore Crawler  
  181  22:04  Extractor  
  164  22:27  Hydralisk x3  
  164  22:28  Hydralisk x2  
Show
View Real Time Build Order
Export as new Build Order

Templar Protoss 

Build Orders: Blink Stalkers 

Get SALT Encoding   

  12  0:12  Pylon  
  12  0:14  Probe  
  13  0:26  Probe  
  14  0:33  Gateway  
  14  0:40  Probe  
  15  0:48  Assimilator  
  15  0:52  Probe  
  15  0:55  Assimilator  
  16  1:04  Probe  
  17  1:16  Probe  
  18  1:24  Cybernetics Core  
  18  1:31  Gateway  
  18  1:38  Pylon  
  18  1:59  Stalker (Chrono Boost)  
  20  2:10  Probe  
  20  2:11  Warp Gate, Twilight Council  
  21  2:18  Stalker  
  21  2:22  Probe  
  24  2:29  Stalker  
  26  2:44  Blink (Chrono Boost)  
  26  3:01  Stalker  
  28  3:05  Pylon  
  28  3:11  Stalker  
  30  3:29  Shield Battery  
  30  3:33  Stalker  
  32  3:40  Gateway  
  32  3:48  Robotics Facility  
  32  4:03  Stalker  
  34  4:21  Stalker  
  36  4:30  Pylon  
  36  4:31  Probe  
  37  4:37  Observer (Chrono Boost)  
  38  4:50  Observer (Chrono Boost)  
  39  4:57  Stalker  
  39  4:58  Stalker  
  43  5:01  Stalker  
  45  5:46  Stalker  
  47  5:50  Pylon  
  47  5:55  Templar Archives  
  47  6:07  Immortal  
  47  6:10  Nexus  
  51  6:19  Pylon  
  51  6:22  Psionic Storm  
  51  6:49  Shield Battery  
  51  6:53  Assimilator  
  51  6:55  Pylon  
  51  7:06  High Templar  
  53  7:09  Probe  
  53  7:14  Observer  
  55  7:21  Probe  
  56  7:27  Stalker  
  58  7:33  Probe  
  59  7:42  Observer  
  60  7:50  Probe (Chrono Boost)  
  61  7:58  Assimilator  
  61  7:59  High Templar  
  61  8:00  Pylon, Probe (Chrono Boost)  
  61  8:05  Probe (Chrono Boost)  
  64  8:07  Charge (Chrono Boost)  
  64  8:16  Probe  
  65  8:21  Observer  
  66  8:29  Probe (Chrono Boost)  
  66  8:34  Probe (Chrono Boost)  
  68  8:37  Pylon  
  68  8:39  Probe (Chrono Boost)  
  70  8:42  Probe (Chrono Boost)  
  70  8:43  Pylon  
  70  8:45  Probe (Chrono Boost)  
  70  8:47  Probe (Chrono Boost)  
  71  8:54  Observer  
  71  8:55  Probe  
  74  8:57  High Templar  
  74  8:59  Probe  
  77  9:07  Robotics Bay  
  77  9:15  Immortal  
  81  9:47  Pylon  
  81  9:52  Gateway  
  80  10:10  Nexus  
  80  10:13  Pylon  
  80  10:14  Colossus (Chrono Boost)  
  80  10:17  Pylon  
  80  10:18  Extended Thermal Lance (Chrono Boost)  
  80  10:19  Forge  
  85  10:25  Zealot  
  85  10:27  Zealot  
  89  10:33  Zealot  
  91  10:47  Gateway  
  91  10:52  Pylon  
  91  10:55  Observer  
  91  10:58  Zealot x2  
  91  10:59  Zealot  
  97  11:15  Colossus  
  102  11:36  Robotics Facility  
  102  11:47  High Templar  
  103  12:01  Observer  
  103  12:15  Observer (Chrono Boost)  
  104  12:34  Photon Cannon  
  104  12:37  Photon Cannon  
  105  12:48  Observer (Chrono Boost)  
  109  12:57  Disruptor (Chrono Boost)  
  108  13:02  Disruptor (Chrono Boost)  
  111  13:16  Nexus  
  111  13:18  Stalker x3  
  111  13:19  Stalker  
  119  13:20  Photon Cannon  
  119  13:22  Photon Cannon  
  117  13:45  Nexus  
  117  13:49  Shield Battery, Photon Cannon  
  117  13:54  Zealot x3  
  123  13:55  Stalker  
  119  14:49  Observer  
  120  14:59  Stalker x4, Immortal (Chrono Boost)  
  132  15:13  Protoss Ground Weapons Level 1  
  138  15:17  Colossus (Chrono Boost)  
  138  15:20  Probe  
  139  15:24  Assimilator  
  139  15:27  High Templar  
  139  15:28  High Templar x4  
  145  15:30  Disruptor  
  145  15:32  Probe  
  153  15:38  Pylon  
  153  15:39  Pylon  
  153  15:42  Pylon  
  153  15:44  Assimilator, Probe  
  154  16:11  Disruptor  
  157  16:14  Probe (Chrono Boost)  
  158  16:24  Probe (Chrono Boost)  
  159  16:29  Pylon, Probe (Chrono Boost)  
  140  17:42  Stalker  
  140  17:43  Stalker x4  
  148  18:04  Probe  
  149  18:16  Probe  
  150  18:26  Stalker x2  
  154  18:27  Stalker x3  
  154  18:28  Probe  
  161  18:39  Gateway, Pylon  
  161  18:40  Probe  
  150  18:58  Observer  
  116  19:22  Stalker x5  
  124  19:45  Stalker  
  124  19:46  Stalker x4  
  124  19:47  Stalker  
  124  19:50  Colossus  
  124  19:52  Protoss Ground Weapons Level 2 (Chrono Boost)  
  142  19:53  Gravitic Boosters  
  142  20:05  Observer  
  142  20:15  Forge  
  142  20:16  Forge  
  142  20:18  Pylon  
  142  20:20  Pylon  
  135  20:35  Stalker x4  
  139  20:36  Stalker x2  
  139  20:41  Nexus  
  140  21:38  Stalker x2  
  140  21:39  Stalker x4  
  152  21:45  Observer  
  148  22:00  Observer, Colossus  
Show
View Real Time Build Order
Export as new Build Order

Vivax Protoss 

Build Orders: Oracle Opening, Phoenix Opening, Carriers 

Get SALT Encoding   

  12  0:01  Probe  
  13  0:13  Probe  
  14  0:18  Pylon  
  14  0:25  Probe  
  15  0:28  Assimilator  
  15  0:35  Assimilator  
  15  0:47  Gateway  
  16  0:50  Probe (Chrono Boost)  
  16  1:00  Probe (Chrono Boost)  
  17  1:05  Probe (Chrono Boost)  
  18  1:16  Probe (Chrono Boost)  
  19  1:22  Probe (Chrono Boost)  
  20  1:30  Probe  
  21  1:35  Cybernetics Core  
  21  1:42  Probe  
  22  1:51  Pylon  
  22  1:54  Probe  
  23  2:08  Stalker (Chrono Boost)  
  23  2:15  Stargate  
  25  2:21  Stargate  
  25  2:47  Nexus  
  25  3:00  Oracle  
  25  3:05  Phoenix  
  30  3:12  Pylon  
  30  3:30  Void Ray  
  34  3:54  Void Ray  
  38  4:08  Probe  
  39  4:10  Assimilator  
  39  4:15  Void Ray  
  43  4:29  Probe x2  
  45  4:36  Shield Battery  
  45  4:41  Probe x2  
  51  4:49  Void Ray (Chrono Boost)  
  51  4:53  Probe  
  52  5:09  Void Ray (Chrono Boost)  
  52  5:14  Probe  
  54  5:18  Pylon  
  54  5:36  Fleet Beacon, Probe x2  
  56  5:43  Pylon  
  60  5:55  Void Ray (Chrono Boost)  
  60  5:58  Void Ray (Chrono Boost)  
  60  6:03  Probe  
  65  6:09  Probe  
  65  6:10  Pylon  
  66  6:15  Assimilator, Probe  
  67  6:21  Probe  
  68  6:29  Unknown  
  68  6:35  Shield Battery  
  68  6:38  Void Ray, Probe  
  73  6:49  Void Ray  
  73  6:52  Probe  
  78  6:58  Pylon  
  78  7:02  Pylon  
  78  7:21  Void Ray  
  78  7:22  Probe x2  
  84  7:43  Void Ray  
  88  7:49  Probe x2  
  88  7:58  Protoss Air Weapons Level 1 (Chrono Boost)  
  88  8:04  Void Ray  
  88  8:26  Void Ray  
  92  8:34  Probe  
  92  8:35  Stargate  
  92  8:37  Pylon  
  93  8:46  Probe  
  93  8:47  Forge, Nexus  
  94  8:51  Pylon  
  94  8:52  Pylon  
  94  8:53  Pylon  
  94  8:54  Void Ray  
  98  9:19  Carrier  
  98  9:24  Shield Battery  
  104  9:25  Shield Battery  
  104  9:27  Shield Battery  
  104  9:29  Photon Cannon  
  104  9:30  Photon Cannon, Probe x2  
  112  9:59  Carrier (Chrono Boost), Assimilator  
  112  10:03  Assimilator  
  112  10:07  Protoss Air Armor Level 1 (Chrono Boost)  
  118  10:16  Probe x2  
  118  10:17  Probe  
  118  10:20  Carrier (Chrono Boost)  
  121  10:28  Carrier (Chrono Boost), Probe x2  
  129  10:37  Protoss Shields Level 1 (Chrono Boost)  
  129  10:51  Probe x2  
  129  10:52  Probe  
  132  10:58  Carrier  
  132  11:03  Probe x2  
  140  11:16  Stargate  
  140  11:18  Pylon  
  140  11:19  Pylon  
  140  11:36  Carrier, Oracle  
  149  11:47  Mothership  
  157  12:08  Shield Battery  
  157  12:09  Shield Battery, Photon Cannon  
  157  12:17  Pylon  
  157  12:18  Pylon  
  156  12:35  Oracle x2  
  162  12:37  Pylon  
  162  12:39  Protoss Air Armor Level 2 (Chrono Boost)  
  162  12:41  Twilight Council  
  162  12:42  Carrier, Pylon  
  168  12:51  Probe x2  
  170  13:03  Probe  
  171  13:11  Nexus  
  171  13:14  Carrier, Pylon  
  171  13:16  Pylon  
  171  13:19  Assimilator  
  177  13:21  Carrier  
  177  13:23  Assimilator  
  183  13:37  Carrier  
  189  13:41  Shield Battery  
  189  13:43  Shield Battery  
  189  13:44  Photon Cannon  
  189  13:52  Carrier  
  182  14:18  Tempest  
  187  14:25  Tempest  
  182  14:40  Protoss Shields Level 2 (Chrono Boost)  
  182  14:41  Void Ray  
  186  14:48  Probe x3  
  189  14:56  Protoss Air Armor Level 3 (Chrono Boost), Probe  
  190  15:00  Probe  
  191  15:07  Tempest  
  196  15:24  Stargate  
  196  15:43  Pylon  
  196  15:46  Pylon  
  196  15:48  Pylon  
  196  16:02  Stargate  
  196  16:03  Stargate  
  196  16:15  Pylon, Photon Cannon  
  196  16:17  Pylon, Photon Cannon  
  196  16:18  Photon Cannon  
  196  16:21  Photon Cannon  
  190  16:33  Pylon  
  190  16:35  Pylon  
  190  16:41  Tempest x2  
  190  16:55  Shield Battery  
  190  16:56  Shield Battery  
  190  16:57  Shield Battery  
  190  16:59  Shield Battery  
  190  17:01  Shield Battery  
  166  17:13  Tempest x2  
  166  17:14  Tempest  
  144  17:23  Protoss Air Weapons Level 2 (Chrono Boost), Tempest  
  144  17:24  Tempest  
  137  17:46  Tempest (Chrono Boost)  
  135  17:52  Tempest (Chrono Boost)  
  145  18:03  Tempest x2 (Chrono Boost)  
  145  18:05  Photon Cannon  
  145  18:07  Protoss Shields Level 3 (Chrono Boost), Photon Cannon  
  145  18:10  Photon Cannon  
  145  18:12  Photon Cannon  
  145  18:14  Assimilator, Photon Cannon  
  145  18:18  Assimilator  
  145  18:36  Nexus  
  88  19:11  Tempest x4  
  95  19:35  Tempest (Chrono Boost)  
  95  19:36  Probe x3  
  103  19:48  Probe  
  109  20:03  Tempest (Chrono Boost)  
  109  20:13  Protoss Air Weapons Level 3 (Chrono Boost)  
  109  20:15  Tempest (Chrono Boost)  
  114  20:31  Tempest  
  119  20:45  Tempest  
  119  21:11  Tempest x2  
  109  21:32  Tempest  
  74  21:54  Tempest  
  64  22:09  Nexus  
  64  22:12  Assimilator  
  64  22:17  Assimilator  
  64  22:19  Pylon  
  64  22:21  Pylon  
  64  22:24  Pylon  
Tags
 
Add a new tag
Caveats
  • Supply blocks, unpowered buildings, or Contaminate may cause inaccurate times.
  • Supply counts are checked every 10 seconds.